 Dungeon Crawl Stone Soup version 0.29.1-1-gd02db6906a (webtiles) character file.

Game seed: 8991047117317035064

10868 KamiKatze the Thaumaturge (level 11, -20/59 HPs)
             Began as a Deep Elf Conjurer on Oct 14, 2022.
             Was a Priest of Vehumet.
             Demolished by a two-headed ogre
             ... wielding a +0 giant spiked club
              (28 damage)
             ... on level 10 of the Dungeon.
             The game lasted 00:45:21 (9956 turns).

KamiKatze the Thaumaturge (Deep Elf Conjurer)       Turns: 9956, Time: 00:45:21

Health: -20/59     AC: 11    Str:  4    XL:     11   Next: 41%
Magic:  21/37      EV: 12    Int: 28    God:    Vehumet [***...]
Gold:   776        SH:  6    Dex: 13    Spells: 18/32 levels left

rFire   . . .      SeeInvis .   A - +5 spear (freeze)
rCold   . . .      Faith    .   e - +1 buckler
rNeg    + . .      Spirit   .   H - +2 robe {rN+}
rPois   .          Reflect  .   (no helmet)
rElec   .          Harm     .   u - +1 cloak
rCorr   .          Rampage  .   j - +1 pair of gloves
Will    +....                   B - +2 pair of boots
Stlth   ++........              (no amulet)
HPRegen 0.19/turn               m - ring of magical power
MPRegen 0.25/turn               r - ring of wizardry

@: lethally poisoned (-20 -> -31), slowed, very slow
A: no striking features
a: Renounce Religion


You were on level 10 of the Dungeon.
You worshipped Vehumet.
Vehumet was most pleased with you.
You visited 2 branches of the dungeon, and saw 11 of its levels.

You collected 851 gold pieces.
You spent 75 gold pieces at shops.

Inventory:

Hand Weapons
 q - a +2 dagger of draining
 A - a +5 spear of freezing (weapon)
 J - a +2 rapier of protection
Missiles
 h - 13 poisoned darts (quivered)
Armour
 a - a +0 robe
 e - a +1 buckler (worn)
 j - a +1 pair of gloves (worn)
 l - a +0 leather armour
 u - a +1 cloak (worn)
 B - a +2 pair of boots (worn)
 H - a +2 robe of positive energy (worn)
Magical Staves
 F - a staff of cold
Jewellery
 m - a ring of magical power (left hand)
 p - a +4 ring of slaying
 r - a ring of wizardry (right hand)
 x - a ring of willpower
Wands
 o - a wand of roots (22)
 v - a wand of flame (8)
 w - a wand of paralysis (8)
 y - a wand of mindburst (10)
Scrolls
 c - 3 scrolls of teleportation
 n - 5 scrolls of amnesia
 s - a scroll of enchant armour
 z - a scroll of fear
 C - a scroll of acquirement
 G - a scroll of identify
Potions
 b - 2 potions of magic
 d - 2 potions of cancellation
 f - 3 potions of might
 g - 6 potions of curing
 i - 2 potions of lignification
 k - 2 potions of mutation
 t - 2 potions of flight
 D - 4 potions of heal wounds
 E - a potion of berserk rage
 L - a potion of ambrosia


   Skills:
 + Level 2.7 Fighting
 - Level 3.0 Dodging
 - Level 4.0 Stealth
 - Level 5.0 Shields
 * Level 11.2 Spellcasting
 * Level 10.1 Conjurations
 + Level 9.5 Hexes
 + Level 8.0 Translocations
 - Level 3.0 Air Magic
 - Level 3.0 Poison Magic
 - Level 3.0 Evocations


You had 18 spell levels left.
You knew the following spells:

 Your Spells              Type           Power      Damage    Failure   Level
a - Magic Dart            Conj           100%       1d8       1%          1
b - Searing Ray           Conj           100%       2d8       1%          2
c - Fulminant Prism       Conj/Hex       31%        3d16      1%          4
d - Iskenderun's Mystic   Conj/Tloc      61%        2d13      1%          4
e - Mephitic Cloud        Conj/Pois/Air  45%        N/A       1%          3

Your spell library contained the following spells:

 Spells                   Type           Power      Damage    Failure   Level
 Scorch                   Fire           30%        2d6       1%          2
 Ensorcelled Hibernation  Hex/Ice        84%        N/A       1%          2
 Dazzling Flash           Conj/Hex       100%       N/A       1%          3
 Ignite Poison            Fire/Tmut/Pois 21%        N/A       1%          3
 Summon Guardian Golem    Hex/Summ       42%        N/A       1%          3
 Anguish                  Hex/Necr       21%        N/A       2%          4
 Freezing Cloud           Conj/Ice/Air   20%        6-21      2%          5
 Spider Form              Tmut/Pois      24%        N/A       3%          3
 Silence                  Hex/Air        25%        N/A       4%          5
 Orb of Destruction       Conj           32%        9d10      7%          7
 Spellforged Servitor     Conj/Summ      22%        N/A       41%         7
 Agony                    Necr           15%        N/A       43%         5


Dungeon Overview and Level Annotations

Branches:
Dungeon (10/15)            Temple (1/1) D:4            Lair (0/5) D:8
    Orc: D:9-12

Altars:
Ashenzari
Cheibriados
Dithmenos
Elyvilon
Fedhas
Gozag
Hepliaklqana
Kikubaaqudgha
Makhleb
Nemelex Xobeh
Okawaru
Qazlal
Ru
Sif Muna
Trog
Uskayaw
Vehumet
Wu Jian
Xom
Yredelemnul
Zin
The Shining One
Lugonu

Shops:
D:5 *   D:8 [   D:9 [

Annotations:
D:5 1 runed translucent door, exclusion: door, Earthwalker's ghost, novice TrFi
D:8 2 transporters


Message History

You feel your power returning.
The troll leather armour is intact enough to wear.
The blast of energy engulfs the kobold brigand!!
The kobold brigand is severely wounded.
The blast of energy engulfs the efreet!
The efreet is moderately wounded.
The blast of energy engulfs the orc warrior!
The orc warrior is almost dead.
The efreet gestures at you.
The fireball explodes!
The fireball engulfs you!!
* * * LOW HITPOINT WARNING * * *
You hear an angry hiss.
You hear a shout!
Casting: Fulminant Prism (safe; 1% risk of failure)
Confirm with . or Enter, or press ? or * to list all spells.
You erupt in a blast of force!
The mystic blast hits the orc warrior!
You kill the orc warrior!
Vehumet accepts your kill.
You feel sick.
The kobold brigand throws a curare-tipped dart.
You block the curare-tipped dart.
Casting: Iskenderun's Mystic Blast (safe; 1% risk of failure)
Confirm with . or Enter, or press ? or * to list all spells.
You erupt in a blast of force!
The mystic blast hits the efreet!
The efreet is severely wounded.
The efreet is knocked back by the mystic blast.
You feel sick.
The kobold brigand throws a curare-tipped dart.
The curare-tipped dart hits you.
You are more poisoned.
You have difficulty breathing.
* * * LOW HITPOINT WARNING * * *
You feel as though you will be slow longer.
The kobold brigand throws a curare-tipped dart.
You block the curare-tipped dart.
Unknown command.
* * * LOW HITPOINT WARNING * * *
You feel very sick. You block the two-headed ogre's attack.
The two-headed ogre hits you with a +0 giant club!!
You die...

##### ##...##
##.....## #.......#
#.......########
#>..@)..##......##
........O.##...!....##
####..[R.[K..........#
#...☼.............#
#...○.............#
##.....#..Y....)..#
............O.D<.#
###..####....Y.......
....#.#o#.#.


You could see a two-headed ogre, a yak, an efreet and a kobold brigand.

Vanquished Creatures
  Erolcha (D:9)
  Erica (D:9)
  Pikel (D:8)
  A cyclops (D:10)
  Joseph (D:8)
  Maggie (D:7)
  4 trolls
  A slime creature (D:10)
  5 yaks (D:10)
  Sigmund (D:5)
  3 wraiths (D:10)
  2 wyverns
  Grum (D:8)
  A steam dragon (D:10)
  2 vampire mosquitoes (D:10)
  2 acid dragons (D:9)
  A water moccasin (D:5)
  A black bear (D:7)
  An ice beast (shapeshifter) (D:10)
  An ice beast (D:6)
  A sky beast (D:7)
  4 orc warriors
  4 wolves (D:8)
  3 ogres
  3 centaurs
  3 phantoms
  A kobold brigand (D:6)
  4 bullfrogs
  2 gnoll sergeants
  6 scorpions
  3 necrophages
  3 wights (D:9)
  10 killer bees (D:9)
  2 howler monkeys (D:9)
  A jelly (D:5)
  4 hounds
  14 orc priests
  Natasha (thrice) (D:3)
  4 iguanas
  13 orc wizards
  A statue (D:6)
  4 adders
  10 gnolls
  A shadow imp (D:5)
  4 white imps
  2 ufetubi (D:6)
  A worm (D:3)
  2 dart slugs
  36 orcs
  6 ball pythons
  11 endoplasms
  3 giant cockroaches
  3 goblins
  8 hobgoblins
  4 jackals (D:1)
  9 kobolds
  3 quokkas
  3 bats
  4 frilled lizards
  2 rats
  2 fulminant prisms (D:9)
239 creatures vanquished.

Vanquished Creatures (others)
  A wight (D:10)
  9 demonic plants (D:8)
  112 fulminant prisms
  5 toadstools (D:7)
127 creatures vanquished.

Grand Total: 366 creatures vanquished

Notes
Turn   | Place    | Note
-------+----------+-------------------------------------------
     0 | D:1      | KamiKatze the Deep Elf Conjurer began the quest for the
                  | Orb.
     0 | D:1      | Reached XP level 1. HP: 10/10 MP: 6/6
   144 | D:1      | Reached XP level 2. HP: 15/15 MP: 5/8
   147 | D:1      | Learned a level 2 spell: Searing Ray
   234 | D:1      | Reached skill level 1 in Hexes
   378 | D:1      | Reached skill level 1 in Translocations
   711 | D:1      | Reached XP level 3. HP: 19/19 MP: 5/10
  1472 | D:2      | Found a faded altar of an unknown god.
  1928 | D:3      | Reached XP level 4. HP: 24/24 MP: 3/11
  2137 | D:3      | Reached skill level 4 in Spellcasting
  2137 | D:3      | Reached skill level 5 in Conjurations
  2240 | D:3      | Noticed Natasha
  2247 | D:3      | Killed Natasha
  2248 | D:3      | Reached XP level 5. HP: 26/28 MP: 4/13
  2414 | D:3      | You fall into a shaft and drop 2 floors!
  2414 | D:5      | Entered Level 5 of the Dungeon
  2442 | D:5      | Found Joudgh's General Store.
  2450 | D:5      | Learned a level 4 spell: Fulminant Prism
  2455 | D:5      | Learned a level 4 spell: Iskenderun's Mystic Blast
  2462 | D:5      | Bought a potion of curing for 45 gold pieces
  2462 | D:5      | Bought a scroll of identify for 30 gold pieces
  2574 | D:3      | Noticed Natasha
  2577 | D:3      | Killed Natasha
  2578 | D:3      | Reached XP level 6. HP: 32/32 MP: 11/15
  2600 | D:3      | Reached skill level 5 in Spellcasting
  2861 | D:3      | Noticed Natasha
  2867 | D:3      | Killed Natasha
  3026 | D:4      | Found an opulent altar of Gozag.
  3117 | D:4      | Found a staircase to the Ecumenical Temple.
  3133 | Temple   | Entered the Ecumenical Temple
  3319 | D:4      | Reached XP level 7. HP: 36/36 MP: 13/17
  3417 | D:4      | Reached skill level 1 in Shields
  3746 | D:5      | Noticed Earthwalker's ghost (novice TrFi)
  3758 | D:5      | Found a runed translucent door.
  3915 | D:5      | Reached skill level 6 in Spellcasting
  3915 | D:5      | Reached skill level 5 in Hexes
  3923 | D:5      | Noticed Sigmund
  4003 | D:5      | Killed Sigmund
  4004 | D:5      | Reached XP level 8. HP: 41/41 MP: 19/19
  4619 | D:6      | Found a radiant altar of Vehumet.
  4629 | D:6      | Became a worshipper of Vehumet
  4807 | D:6      | Reached skill level 7 in Spellcasting
  4807 | D:6      | Reached skill level 5 in Translocations
  5459 | D:6      | Reached XP level 9. HP: 45/45 MP: 22/22
  5481 | D:6      | Reached * piety under Vehumet
  5481 | D:6      | Offered knowledge of Freeze by Vehumet.
  5900 | D:7      | Noticed Maggie
  5910 | D:7      | Killed Maggie
  5911 | D:7      | Reached skill level 8 in Spellcasting
  6567 | D:7      | Found a stormy altar of Qazlal.
  6759 | D:7      | Found an iron altar of Okawaru.
  6768 | D:7      | Found a bloodstained altar of Trog.
  6770 | D:7      | Found a white marble altar of Elyvilon.
  6827 | D:8      | Noticed Pikel
  6831 | D:8      | Killed Pikel
  6832 | D:8      | Reached skill level 9 in Spellcasting
  6832 | D:8      | Noticed Joseph
  6937 | D:8      | Identified a scroll of acquirement
  7205 | D:8      | Found a transporter.
  7215 | D:8      | Found a staircase to the Lair.
  7255 | D:8      | Learned a level 3 spell: Mephitic Cloud
  7285 | D:8      | Noticed a cyan ugly thing
  7285 | D:8      | Noticed a white ugly thing
  7286 | D:8      | Found a transporter.
  7286 | D:8      | Found a corrupted altar of Lugonu.
  7287 | D:8      | Noticed a cyan ugly thing
  7339 | D:8      | Reached skill level 1 in Air Magic
  7339 | D:8      | Reached skill level 1 in Poison Magic
  7339 | D:8      | Reached XP level 10. HP: 43/50 MP: 22/25
  7345 | D:8      | Killed Joseph
  7394 | D:8      | Noticed Grum
  7400 | D:8      | Killed Grum
  7747 | D:8      | Found Paxioc's Armour Shop.
  7982 | D:9      | Offered knowledge of Static Discharge by Vehumet.
  7987 | D:9      | Reached ** piety under Vehumet
  8285 | D:9      | Reached skill level 1 in Evocations
  8300 | D:9      | Reached skill level 1 in Fighting
  8321 | D:9      | Noticed Erolcha
  8406 | D:9      | Killed Erolcha
  8544 | D:9      | Reached skill level 10 in Spellcasting
  8680 | D:9      | Found Fops's Armour Boutique.
  9053 | D:9      | Found a basalt altar of Yredelemnul.
  9233 | D:10     | Entered Level 10 of the Dungeon
  9250 | D:10     | Offered knowledge of Scorch by Vehumet.
  9254 | D:10     | Reached XP level 11. HP: 38/57 MP: 7/27
  9530 | D:10     | Noticed a two-headed ogre
  9530 | D:10     | Noticed Erica
  9538 | D:9      | Killed Erica
  9709 | D:9      | Reached *** piety under Vehumet
  9710 | D:9      | Reached skill level 5 in Shields
  9792 | D:10     | Reached skill level 11 in Spellcasting
  9812 | D:10     | Reached skill level 10 in Conjurations
  9956 | D:10     | Demolished by a two-headed ogre

Illustrated notes

Levels and vault maps discovered:
D:1:      lemuel_arrival_room, layout_basic
D:2:      layout_loops_ring, shapermc_ecumenical_altar_gd, serial_park_tiny_2
D:3:      layout_loops_ring, uniq_natasha
D:4:      layout_loops_ring, grunt_gozag_breadcrumbs, minmay_temple_entry_mist,
          chequers_serial_rivers_micro_a
D:5:      layout_loops_ring, hellmonk_ghost_happy_afterlife, serial_shops, shop,
          uniq_sigmund
D:6:      layout_cave_pools, vehumet_statue, grunt_potential
D:7:      layout_loops_ring, nicolae_qazlal_style_of_elements, minitemple,
          minmay_gold_behind_fungi, uniq_maggie
D:8:      gammafunk_corrupted_shrine, layout_basic, dpeg_oklobed_lair,
          serial_curves, eino_curves_01, eino_curves_04, serial_shops,
          nicolae_square_shop, dreamdust_princess_corridor, dk_vineyard_2,
          nrook_mini_backslash, minmay_stone_trees_small, minmay_misc_feat_room,
          minmay_statues_item, uniq_pikel, uniq_joseph, uniq_grum
D:9:      layout_long_grid, yredelemnul_altar_generic, serial_shops,
          nicolae_shop_waterfront, uniq_erolcha
D:10:     layout_rooms, onia_ninara_cookie, uniq_erica
Temple:   minmay_freezing_vapour_temple

Skill      XL: |  1  2  3  4  5  6  7  8  9 10 11 |
---------------+----------------------------------+-----
Hexes          | 1 2 3 4 5 6 8 9 |  9.5
Translocations | 1 2 3 4 5 6 7 8 |  8.0
Dodging        | 3 |  3.0
Stealth        | 3 4 |  4.0
Spellcasting   | 4 5 6 7 9 10 11 | 11.2
Conjurations   | 5 6 7 8 9 10 | 10.1
Shields        | 2 3 4 5 |  5.0
Air Magic      | 1 3 |  3.0
Poison Magic   | 1 3 |  3.0
Evocations     | 2 3 |  3.0
Fighting       | 2 |  2.7

Action                   |  1- 3 |  4- 6 |  7- 9 | 10-12 || total
-------------------------+-------+-------+-------+-------++-------
Melee: Mace              |     6 |       |       |       ||     6
       Dagger            |     1 |     4 |       |       ||     5
 Cast: Magic Dart        |    66 |    31 |    34 |     3 ||   134
       Searing Ray       |     3 |    17 |    20 |     9 ||    49
       Fulminant Prism   |       |       |    58 |    56 ||   114
       Iskenderun's Myst |       |       |    15 |    35 ||    50
       Mephitic Cloud    |       |       |       |     4 ||     4
  Use: Scroll            |       |     5 |    15 |     2 ||    22
       Potion            |       |       |       |     1 ||     1
 Stab: Sleeping          |     1 |     2 |       |       ||     3
Armor: Robe              |     1 |     6 |     8 |     9 ||    24
Dodge: Dodged            |     7 |    11 |     8 |    15 ||    41
Block: Buckler           |       |       |       |    13 ||    13
